% Time on Ice - SPOKANE KNIGHTS
Lines # - Real PCT - Wanted PCT - Time Play
Normal Forward
1 - 35% - 32% - 14:43
2 - 32% - 32% - 13:28
3 - 28% - 29% - 11:44
4 - 6% - 7% - 2:31
Normal Defense
1 - 32% - 35% - 13:41
2 - 34% - 35% - 14:38
3 - 17% - 15% - 7:09
4 - 16% - 15% - 6:58
PP Forward
1 - 54% - 60% - 3:02
2 - 46% - 40% - 2:38
PP Defense
1 - 54% - 60% - 3:02
2 - 46% - 40% - 2:38
PK Forward
1 - 63% - 55% - 6:30
2 - 37% - 45% - 3:46
PK Defense
1 - 44% - 60% - 4:34
2 - 56% - 40% - 5:42
PK3 Forward
1 - 0% - 60%
2 - 0% - 40%
PK3 Defense
1 - 0% - 60%
2 - 0% - 40%
44 Forward
1 - 34% - 50% - 0:33
2 - 66% - 50% - 1:05
44 Defense
1 - 66% - 60% - 1:05
2 - 34% - 40% - 0:33
Last Minute Offensive  - 0:00
Last Minute Defensive  - 0:00
Total
Forward - 60:00
Defense - 60:00
% Time on Ice - LONG BEACH BARACUDAS
Lines # - Real PCT - Wanted PCT - Time Play
Normal Forward
1 - 39% - 40% - 16:42
2 - 28% - 32% - 12:00
3 - 17% - 20% - 7:06
4 - 16% - 8% - 6:38
Normal Defense
1 - 33% - 36% - 13:56
2 - 36% - 31% - 15:11
3 - 28% - 23% - 11:44
4 - 4% - 10% - 1:35
PP Forward
1 - 41% - 51% - 4:15
2 - 59% - 49% - 6:01
PP Defense
1 - 48% - 55% - 4:55
2 - 52% - 45% - 5:21
PK Forward
1 - 62% - 55% - 3:30
2 - 38% - 45% - 2:10
PK Defense
1 - 40% - 55% - 2:17
2 - 60% - 45% - 3:23
PK3 Forward
1 - 0% - 55%
2 - 0% - 45%
PK3 Defense
1 - 0% - 55%
2 - 0% - 45%
44 Forward
1 - 59% - 55% - 0:58
2 - 41% - 45% - 0:40
44 Defense
1 - 59% - 55% - 0:58
2 - 41% - 45% - 0:40
Last Minute Offensive  - 0:00
Last Minute Defensive  - 0:00
Total
Forward - 60:00
Defense - 60:00
Play-by-Play 1st period 0:01 of 1st period - Sebastian Aho wins face-off versus Sidney Crosby in neutral zone. 0:20 of 1st period - Shot by Kyle Connor. 0:20 of 1st period - Stopped by Braden Holtby without a rebound. 0:21 of 1st period - Steven Stamkos wins face-off versus Mikael Backlund in SPOKANE KNIGHTS zone. 1:47 of 1st period - Shot by Nolan Patrick. 1:47 of 1st period - Shot Hit the Post. 1:49 of 1st period - Shot by Kyle Palmieri. 1:49 of 1st period - Shot Misses the Net. 2:00 of 1st period - Shot by J.T. Compher. 2:00 of 1st period - Shot Blocked by Brooks Orpik. 2:22 of 1st period - Shot by Brendan Gallagher. 2:22 of 1st period - Deflect By Kyle Connor. 2:22 of 1st period - Stopped by Braden Holtby without a rebound. 2:23 of 1st period - Tomas Hertl wins face-off versus Brad Richardson in SPOKANE KNIGHTS zone. 2:50 of 1st period - Shot by Brad Richardson. 2:50 of 1st period - Stopped by Braden Holtby without a rebound. 2:51 of 1st period - Sidney Crosby wins face-off versus Mikael Backlund in SPOKANE KNIGHTS zone. 2:54 of 1st period - Shot by Sidney Crosby. 2:54 of 1st period - Stopped by Braden Holtby with a rebound. 4:50 of 1st period - Icing by Ben Hutton. 4:51 of 1st period - Steven Stamkos wins face-off versus Alex Tuch in LONG BEACH BARACUDAS zone. 5:21 of 1st period - Minor Penalty to Tim Gettinger for Boarding. 5:22 of 1st period - Phillip Danault wins face-off versus Sidney Crosby in SPOKANE KNIGHTS zone. 6:12 of 1st period - Icing by Derick Brassard. 6:13 of 1st period - Phillip Danault wins face-off versus Sidney Crosby in LONG BEACH BARACUDAS zone. 6:55 of 1st period - Zachary Werenski is hit by Alex Tuch and loses puck. 7:27 of 1st period - Icing by Igor Ozhiganov. 7:28 of 1st period - Sebastian Aho wins face-off versus Steven Stamkos in LONG BEACH BARACUDAS zone. 7:31 of 1st period - Shot by Tomas Hertl. 7:31 of 1st period - Shot Misses the Net. 8:12 of 1st period - Icing by Cale Makar. 8:13 of 1st period - Sebastian Aho wins face-off versus Sidney Crosby in SPOKANE KNIGHTS zone. 8:41 of 1st period - Shot by Phillip Danault. 8:41 of 1st period - Shot Misses the Net. 8:54 of 1st period - Icing by Sidney Crosby. 8:55 of 1st period - Sidney Crosby wins face-off versus Mikael Backlund in LONG BEACH BARACUDAS zone. 9:02 of 1st period - Icing by Matthew Tkachuk. 9:03 of 1st period - Nolan Patrick wins face-off versus Mikael Backlund in SPOKANE KNIGHTS zone. 9:19 of 1st period - Shot by Mikael Backlund. 9:19 of 1st period - Stopped by Darcy Kuemper without a rebound. 9:20 of 1st period - Brad Richardson wins face-off versus Phillip Danault in LONG BEACH BARACUDAS zone. 9:26 of 1st period - Icing by Victor Hedman. 9:27 of 1st period - Phillip Danault wins face-off versus Nolan Patrick in SPOKANE KNIGHTS zone. 10:07 of 1st period - Shot by Alex Tuch. 10:07 of 1st period - Deflect By Phillip Danault. 10:07 of 1st period - Shot Blocked by Brandon Montour. 10:09 of 1st period - Shot by Alex Tuch. 10:09 of 1st period - Deflect By Vincent Trocheck. 10:09 of 1st period - Stopped by Darcy Kuemper without a rebound. 10:10 of 1st period - Mikael Backlund wins face-off versus Sidney Crosby in LONG BEACH BARACUDAS zone. 10:44 of 1st period - Shot by Patrick Kane. 10:44 of 1st period - Stopped by Darcy Kuemper without a rebound. 10:45 of 1st period - Sebastian Aho wins face-off versus Steven Stamkos in LONG BEACH BARACUDAS zone. 10:53 of 1st period - Icing by Taylor Hall. 10:54 of 1st period - Steven Stamkos wins face-off versus Phillip Danault in LONG BEACH BARACUDAS zone. 11:05 of 1st period - Shot by Phillip Danault. 11:05 of 1st period - Stopped by Darcy Kuemper without a rebound. 11:06 of 1st period - Sidney Crosby wins face-off versus Mikael Backlund in LONG BEACH BARACUDAS zone. 11:11 of 1st period - Shot by Brendan Gallagher. 11:11 of 1st period - Stopped by Braden Holtby without a rebound. 11:12 of 1st period - Sidney Crosby wins face-off versus Mikael Backlund in SPOKANE KNIGHTS zone. 11:27 of 1st period - Shot by Patrick Kane. 11:27 of 1st period - Shot Misses the Net. 11:54 of 1st period - Shot by Patrick Kane. 11:54 of 1st period - Shot Misses the Net. 11:56 of 1st period - Shot by Patrick Kane. 11:56 of 1st period - Shot Misses the Net. 11:58 of 1st period - Shot by Kristopher Letang. 11:58 of 1st period - Goal by Kristopher Letang - SPOKANE KNIGHTS : 1 - LONG BEACH BARACUDAS : 0. 11:59 of 1st period - Phillip Danault wins face-off versus Steven Stamkos in neutral zone. 12:05 of 1st period - Icing by Elias Lindholm. 12:06 of 1st period - Elias Lindholm wins face-off versus Phillip Danault in LONG BEACH BARACUDAS zone. 12:11 of 1st period - Vincent Trocheck is hit by Elias Lindholm and loses puck. 12:17 of 1st period - Icing by Victor Hedman. 12:18 of 1st period - Brad Richardson wins face-off versus Phillip Danault in SPOKANE KNIGHTS zone. 12:19 of 1st period - Shot by Daniel Carr. 12:19 of 1st period - Deflect By Brad Richardson. 12:19 of 1st period - Shot Hit the Post. 12:23 of 1st period - Shot by Derick Brassard. 12:23 of 1st period - Stopped by Braden Holtby without a rebound. 12:24 of 1st period - Sebastian Aho wins face-off versus Sidney Crosby in SPOKANE KNIGHTS zone. 12:30 of 1st period - Icing by Blake Wheeler. 12:31 of 1st period - Sebastian Aho wins face-off versus Kyle Connor in SPOKANE KNIGHTS zone. 13:14 of 1st period - Shot by Sidney Crosby. 13:14 of 1st period - Deflect By Brendan Gallagher. 13:14 of 1st period - Stopped by Braden Holtby without a rebound. 13:15 of 1st period - Phillip Danault wins face-off versus Steven Stamkos in SPOKANE KNIGHTS zone. 13:15 of 1st period - Phillip Danault is hit by Steven Stamkos. 13:29 of 1st period - Shot by Alex Tuch. 13:29 of 1st period - Stopped by Darcy Kuemper without a rebound. 13:30 of 1st period - Mikael Backlund wins face-off versus Nolan Patrick in LONG BEACH BARACUDAS zone. 13:30 of 1st period - Mikael Backlund is hit by Igor Ozhiganov. 13:57 of 1st period - Brooks Orpik is hit by Kyle Palmieri and loses puck. 14:12 of 1st period - Shot by Kyle Palmieri. 14:12 of 1st period - Stopped by Braden Holtby without a rebound. 14:13 of 1st period - Phillip Danault wins face-off versus Sidney Crosby in SPOKANE KNIGHTS zone. 14:33 of 1st period - Shot by Vincent Trocheck. 14:33 of 1st period - Stopped by Darcy Kuemper without a rebound. 14:34 of 1st period - Steven Stamkos wins face-off versus Sebastian Aho in LONG BEACH BARACUDAS zone. 14:38 of 1st period - Icing by Taylor Hall. 14:39 of 1st period - Steven Stamkos wins face-off versus Alex Tuch in LONG BEACH BARACUDAS zone. 14:39 of 1st period - Steven Stamkos is hit by Vincent Trocheck. 15:04 of 1st period - Shot by Steven Stamkos. 15:04 of 1st period - Shot Misses the Net. 15:06 of 1st period - Shot by Taylor Hall. 15:06 of 1st period - Stopped by Braden Holtby without a rebound. 15:07 of 1st period - Sebastian Aho wins face-off versus Sidney Crosby in SPOKANE KNIGHTS zone. 15:14 of 1st period - Shot by Tomas Hertl. 15:14 of 1st period - Shot Blocked by Ben Hutton. 15:22 of 1st period - Shot by Tomas Hertl. 15:22 of 1st period - Shot Hit the Post. 16:14 of 1st period - Shot by Taylor Hall. 16:14 of 1st period - Stopped by Braden Holtby without a rebound. 16:15 of 1st period - Marcus Kruger wins face-off versus Steven Stamkos in SPOKANE KNIGHTS zone. 16:41 of 1st period - Shot by Steven Stamkos. 16:41 of 1st period - Shot Misses the Net. 17:43 of 1st period - Shot by Matthew Tkachuk. 17:43 of 1st period - Shot Misses the Net. 17:45 of 1st period - Shot by Matthew Tkachuk. 17:45 of 1st period - Shot Misses the Net. 17:47 of 1st period - Shot by Mikael Backlund. 17:47 of 1st period - Stopped by Darcy Kuemper without a rebound. 17:48 of 1st period - Sidney Crosby wins face-off versus Sebastian Aho in LONG BEACH BARACUDAS zone. 17:48 of 1st period - Brendan Gallagher is hit by Blake Wheeler. 18:22 of 1st period - Shot by Sidney Crosby. 18:22 of 1st period - Stopped by Braden Holtby without a rebound. 18:23 of 1st period - Phillip Danault wins face-off versus Nolan Patrick in SPOKANE KNIGHTS zone. 18:29 of 1st period - Kristopher Letang is hit by Igor Ozhiganov and loses puck. 19:59 of 1st period - Shot by Steven Stamkos. 19:59 of 1st period - Shot Hit the Post. Goals for this period are 1 for SPOKANE KNIGHTS vs 0 for LONG BEACH BARACUDAS. Shots for this period are 8 for SPOKANE KNIGHTS vs 11 for LONG BEACH BARACUDAS. 2nd period 0:01 of 2nd period - Sidney Crosby wins face-off versus Sebastian Aho in neutral zone. 0:35 of 2nd period - Shot by Sidney Crosby. 0:35 of 2nd period - Stopped by Braden Holtby without a rebound. 0:36 of 2nd period - Mikael Backlund wins face-off versus Brad Richardson in SPOKANE KNIGHTS zone. 1:24 of 2nd period - Icing by Brooks Orpik. 1:25 of 2nd period - Sidney Crosby wins face-off versus Mikael Backlund in SPOKANE KNIGHTS zone. 1:57 of 2nd period - Shot by Sidney Crosby. 1:57 of 2nd period - Shot Misses the Net. 3:29 of 2nd period - Off-side. 3:30 of 2nd period - Brad Richardson wins face-off versus Sebastian Aho in neutral zone. 3:45 of 2nd period - Ben Hutton is hit by Sebastian Aho and loses puck. 3:54 of 2nd period - Shot by Sebastian Aho. 3:54 of 2nd period - Stopped by Darcy Kuemper without a rebound. 3:55 of 2nd period - Phillip Danault wins face-off versus Sidney Crosby in LONG BEACH BARACUDAS zone. 5:16 of 2nd period - Shot by Steven Stamkos. 5:16 of 2nd period - Shot Blocked by Anton Stralman. 6:42 of 2nd period - Icing by Zdeno Chara. 6:43 of 2nd period - Brad Richardson wins face-off versus Marcus Kruger in SPOKANE KNIGHTS zone. 6:43 of 2nd period - Brandon Montour is hit by Zdeno Chara. 6:44 of 2nd period - Minor Penalty to Victor